TOP OF THE 1ST |
State College Spikes batting - Pitching for Kenosha Kingfish : RHP Brandon Malet
|
Pitching: RHP Brandon Malet
|
|
Batting: RHB Alonzo Herrera
|
0-0: Called Strike 0-1: Swinging Strike 0-2: Hit by Pitch
|
Batting: RHB Joaquín Vásquez
|
0-0: Ball 1-0: Ball 2-0: Foul Ball, location: 2F 2-1: Fielders Choice at 2nd, 2-6 (Groundball, 2R)
|
Batting: RHB Eric Knight
|
0-0: Ball 1-0: Called Strike 1-1: Foul Ball, location: 2F 1-2: Ball 2-2: Foul Ball, location: 2F 2-2: Ground out 5-3 (Groundball, 5S) Joaquín Vásquez to second
|
Batting: SHB Clint Woods
|
0-0: Called Strike 0-1: Ball 1-1: Foul Ball, location: 2F 1-2: Strikes out swinging
|
Top of the 1st over - 0 run(s), 0 hit(s), 0 error(s), 1 left on base; State College 0 - Kenosha 0 |
BOTTOM OF THE 1ST |
Kenosha Kingfish batting - Pitching for State College Spikes : LHP Sean Perry
|
Pitching: LHP Sean Perry
|
|
Batting: RHB Manuel Gómez
|
0-0: Called Strike 0-1: Ball 1-1: Called Strike 1-2: Strikes out swinging
|
Batting: SHB Júlio Valentín
|
0-0: Ball 1-0: DOUBLE (Flyball, 8LXD)
|
Batting: RHB Francisco Martínez
|
0-0: Ball 1-0: SINGLE (Groundball, 13) (infield hit) Júlio Valentín to third
|
Batting: RHB Matt Rodríguez
|
0-0: Ball 1-0: Ball 2-0: Called Strike 2-1: Fly out, F2 (Popup, 2LF)
|
Batting: SHB Devin Smith
|
0-0: Ground out 6-3 (Groundball, 6)
|
Bottom of the 1st over - 0 run(s), 2 hit(s), 0 error(s), 2 left on base; State College 0 - Kenosha 0 |
TOP OF THE 2ND |
State College Spikes batting - Pitching for Kenosha Kingfish : RHP Brandon Malet
|
Batting: RHB Blair Whitehead
|
0-0: Ball 1-0: Swinging Strike 1-1: Called Strike 1-2: Ball 2-2: Strikes out swinging
|
Batting: RHB Norberto Márquez
|
0-0: Foul Ball, location: 2F 0-1: Ball 1-1: Called Strike 1-2: Ball 2-2: Strikes out swinging
|
Batting: SHB Thomas Simmons
|
0-0: Foul Ball, location: 2F 0-1: Fly out, F8 (Popup, 8LS)
|
Top of the 2nd over - 0 run(s), 0 hit(s), 0 error(s), 0 left on base; State College 0 - Kenosha 0 |
BOTTOM OF THE 2ND |
Kenosha Kingfish batting - Pitching for State College Spikes : LHP Sean Perry
|
Batting: LHB Richard Brooks
|
0-0: Ball 1-0: Ball 2-0: Ball 3-0: Called Strike 3-1: Base on Balls
|
Batting: RHB Sergio Mata
|
0-0: Called Strike 0-1: Ball 1-1: Ball 2-1: Called Strike 2-2: Foul Ball, location: 2F 2-2: Ball 3-2: Foul Ball, location: 2F 3-2: Foul Ball, location: 2F 3-2: Foul Ball, location: 2F 3-2: Base on Balls Richard Brooks to second
|
Batting: RHB Doug Lutz
|
0-0: Foul Ball, location: 2F 0-1: Ball 1-1: Swinging Strike 1-2: Foul Ball, location: 2F 1-2: Strikes out swinging
|
Batting: RHB Tommy Davenport
|
0-0: Called Strike 0-1: Ball 1-1: Foul Ball, location: 2F 1-2: Foul Ball, location: 2F 1-2: Ball 2-2: Ball 3-2: Foul Ball, location: 2F 3-2: SINGLE (Line Drive, 34S) Richard Brooks to third Sergio Mata to second Runner from 3rd tries for Home, SAFE, no throw or cutoff
|
Batting: RHB Manuel Gómez
|
0-0: Ball Sergio Mata steals 3rd base Tommy Davenport to second 1-0: Called Strike 1-1: Ball 2-1: Ball 3-1: Called Strike 3-2: Ground out 6-3 (Groundball, 6M) Sergio Mata scores Tommy Davenport to third
|
Batting: SHB Júlio Valentín
|
0-0: Foul Ball, location: 2F 0-1: Ball 1-1: Ball 2-1: Foul Ball, location: 2F 2-2: Ball 3-2: SINGLE (Line Drive, 8RS) Tommy Davenport scores
|
Batting: RHB Francisco Martínez
|
0-0: Ball 1-0: Called Strike 1-1: Swinging Strike 1-2: Ball 2-2: Strikes out swinging
|
Bottom of the 2nd over - 3 run(s), 2 hit(s), 0 error(s), 1 left on base; State College 0 - Kenosha 3 |
TOP OF THE 3RD |
State College Spikes batting - Pitching for Kenosha Kingfish : RHP Brandon Malet
|
Batting: RHB Luis Montoya
|
0-0: SINGLE (Groundball, 4MD)
|
Batting: LHB Burt Ward
|
0-0: Called Strike 0-1: Ball 1-1: Fly out, F8 (Flyball, 8RM)
|
Batting: RHB Alonzo Herrera
|
0-0: Ball 1-0: Fly out, F8 (Flyball, 8LM)
|
Batting: RHB Joaquín Vásquez
|
0-0: Ball 1-0: Fly out, F9 (Line Drive, 9LM)
|
Top of the 3rd over - 0 run(s), 1 hit(s), 0 error(s), 1 left on base; State College 0 - Kenosha 3 |
BOTTOM OF THE 3RD |
Kenosha Kingfish batting - Pitching for State College Spikes : LHP Sean Perry
|
Batting: RHB Matt Rodríguez
|
0-0: Swinging Strike 0-1: Ball 1-1: Ground out 6-3 (Groundball, 6)
|
Batting: SHB Devin Smith
|
0-0: Called Strike 0-1: Fly out, F9 (Popup, 9S)
|
Batting: LHB Richard Brooks
|
0-0: Ball 1-0: SINGLE (Line Drive, 56D)
|
Batting: RHB Sergio Mata
|
0-0: Ball 1-0: Ball 2-0: Called Strike 2-1: Fly out, F1 (Line Drive, 15)
|
Bottom of the 3rd over - 0 run(s), 1 hit(s), 0 error(s), 1 left on base; State College 0 - Kenosha 3 |
TOP OF THE 4TH |
State College Spikes batting - Pitching for Kenosha Kingfish : RHP Brandon Malet
|
Batting: RHB Eric Knight
|
0-0: SINGLE (Line Drive, 4M)
|
Batting: SHB Clint Woods
|
0-0: Ball 1-0: Called Strike 1-1: Called Strike 1-2: Foul Ball, location: 2F 1-2: Ball 2-2: Foul Ball, location: 2F 2-2: 2-RUN HOME RUN (Flyball, 8LXD), Distance : 441 ft
|
Batting: RHB Blair Whitehead
|
0-0: Ground out 1-3 (Groundball, 13)
|
Batting: RHB Norberto Márquez
|
0-0: Foul Ball, location: 2F 0-1: Ball 1-1: Foul Ball, location: 2F 1-2: Strikes out swinging
|
Batting: SHB Thomas Simmons
|
0-0: Called Strike 0-1: Ball 1-1: Swinging Strike 1-2: Strikes out swinging
|
Top of the 4th over - 2 run(s), 2 hit(s), 0 error(s), 0 left on base; State College 2 - Kenosha 3 |
BOTTOM OF THE 4TH |
Kenosha Kingfish batting - Pitching for State College Spikes : LHP Sean Perry
|
Batting: RHB Doug Lutz
|
0-0: Swinging Strike 0-1: Called Strike 0-2: Strikes out looking
|
Batting: RHB Tommy Davenport
|
0-0: Called Strike 0-1: Fly out, F8 (Flyball, 8RXD)
|
Batting: RHB Manuel Gómez
|
0-0: Foul Ball, location: 2F 0-1: DOUBLE (Groundball, 5L)
|
Batting: SHB Júlio Valentín
|
0-0: Fly out, F7 (Flyball, 7M)
|
Bottom of the 4th over - 0 run(s), 1 hit(s), 0 error(s), 1 left on base; State College 2 - Kenosha 3 |
TOP OF THE 5TH |
State College Spikes batting - Pitching for Kenosha Kingfish : RHP Brandon Malet
|
Batting: RHB Luis Montoya
|
0-0: Ball 1-0: Fly out, F3 (Popup, 3F)
|
Batting: LHB Burt Ward
|
0-0: Ground out 1-3 (Groundball, 13)
|
Batting: RHB Alonzo Herrera
|
0-0: Called Strike 0-1: Swinging Strike 0-2: Ball 1-2: Strikes out swinging
|
Top of the 5th over - 0 run(s), 0 hit(s), 0 error(s), 0 left on base; State College 2 - Kenosha 3 |
BOTTOM OF THE 5TH |
Kenosha Kingfish batting - Pitching for State College Spikes : LHP Sean Perry
|
Batting: RHB Francisco Martínez
|
0-0: SINGLE (Line Drive, 8RS)
|
Batting: RHB Matt Rodríguez
|
0-0: Ball 1-0: Ball 2-0: Foul Ball, location: 2F 2-1: Called Strike 2-2: SINGLE (Groundball, 56) Francisco Martínez to second
|
Batting: SHB Devin Smith
|
0-0: Foul Ball, location: 2F 0-1: Swinging Strike 0-2: Foul Ball, location: 2F 0-2: Ball 1-2: Foul Ball, location: 2F 1-2: Foul Ball, location: 2F 1-2: Strikes out looking
|
Pitching: RHP Ron Crawford
|
|
Batting: LHB Richard Brooks
|
0-0: Swinging Strike 0-1: Ball 1-1: Swinging Strike 1-2: Ball 2-2: Ball 3-2: Fly out, F8 (Line Drive, 8RM)
|
Batting: RHB Sergio Mata
|
0-0: Ball 1-0: Fielders Choice at 2nd, 5-4 (Groundball, 56)
|
Bottom of the 5th over - 0 run(s), 2 hit(s), 0 error(s), 1 left on base; State College 2 - Kenosha 3 |
TOP OF THE 6TH |
State College Spikes batting - Pitching for Kenosha Kingfish : RHP Brandon Malet
|
Batting: RHB Joaquín Vásquez
|
0-0: SINGLE (Line Drive, 89S)
|
Batting: RHB Eric Knight
|
0-0: Called Strike 0-1: Swinging Strike 0-2: Ball 1-2: Strikes out swinging
|
Batting: SHB Clint Woods
|
0-0: Called Strike 0-1: Foul Ball, location: 2F 0-2: Grounds into double play, 4-6-3 (Groundball, 4M)
|
Top of the 6th over - 0 run(s), 1 hit(s), 0 error(s), 0 left on base; State College 2 - Kenosha 3 |
BOTTOM OF THE 6TH |
Kenosha Kingfish batting - Pitching for State College Spikes : RHP Ron Crawford
|
Batting: RHB Doug Lutz
|
0-0: Ball 1-0: Called Strike 1-1: Foul Ball, location: 2F 1-2: Ball 2-2: Ball 3-2: Base on Balls
|
Batting: RHB Tommy Davenport
|
0-0: Ball 1-0: Foul Ball, location: 2F 1-1: Foul Ball, location: 2F 1-2: Ball 2-2: Foul Ball, location: 2F 2-2: 2-RUN HOME RUN (Flyball, 89XD), Distance : 425 ft
|
Batting: RHB Manuel Gómez
|
0-0: Called Strike 0-1: Ball 1-1: Ball 2-1: Swinging Strike 2-2: Foul Ball, location: 2F 2-2: Foul Ball, location: 2F 2-2: Ground out 5-3 (Groundball, 56)
|
Batting: SHB Júlio Valentín
|
0-0: Called Strike 0-1: Swinging Strike 0-2: Ball 1-2: Ball 2-2: Ball 3-2: Base on Balls
|
Batting: RHB Francisco Martínez
|
0-0: Fly out, F8 (Flyball, 8LD)
|
Batting: RHB Matt Rodríguez
|
0-0: Called Strike 0-1: Ball 1-1: Foul Ball, location: 2F 1-2: Hit by Pitch Júlio Valentín to second
|
Batting: SHB Devin Smith
|
0-0: Called Strike 0-1: Foul Ball, location: 2F 0-2: Reached on error, E6 (Groundball, 6) Júlio Valentín scores Matt Rodríguez to third
|
Batting: LHB Richard Brooks
|
0-0: Swinging Strike 0-1: Foul Ball, location: 2F 0-2: Ball 1-2: Strikes out swinging
|
Bottom of the 6th over - 3 run(s), 1 hit(s), 1 error(s), 2 left on base; State College 2 - Kenosha 6 |
TOP OF THE 7TH |
State College Spikes batting - Pitching for Kenosha Kingfish : RHP Brandon Malet
|
Batting: RHB Blair Whitehead
|
0-0: Called Strike 0-1: Ground out 5-3 (Groundball, 56S)
|
Batting: RHB Norberto Márquez
|
0-0: Called Strike 0-1: Called Strike 0-2: Ground out 6-3 (Groundball, 6)
|
Batting: SHB Thomas Simmons
|
0-0: Ball 1-0: Ball 2-0: Ball 3-0: Foul Ball, location: 2F 3-1: Foul Ball, location: 2F 3-2: Strikes out swinging
|
Top of the 7th over - 0 run(s), 0 hit(s), 0 error(s), 0 left on base; State College 2 - Kenosha 6 |
BOTTOM OF THE 7TH |
Kenosha Kingfish batting - Pitching for State College Spikes : RHP Ron Crawford
|
Batting: RHB Sergio Mata
|
0-0: Foul Ball, location: 2F 0-1: Ball 1-1: Ball 2-1: Ground out 5-3 (Groundball, 56S)
|
Pitching: RHP António Zapata
|
|
Batting: RHB Doug Lutz
|
0-0: Ball 1-0: Called Strike 1-1: Foul Ball, location: 2F 1-2: Ball 2-2: Ball 3-2: Foul Ball, location: 2F 3-2: SINGLE (Groundball, 4M)
|
Batting: RHB Tommy Davenport
|
0-0: Ball 1-0: Foul Ball, location: 2F 1-1: Foul Ball, location: 2F 1-2: Strikes out swinging
|
Batting: RHB Manuel Gómez
|
Pickoff Throw to First - Out!
|
Bottom of the 7th over - 0 run(s), 1 hit(s), 0 error(s), 0 left on base; State College 2 - Kenosha 6 |
TOP OF THE 8TH |
State College Spikes batting - Pitching for Kenosha Kingfish : RHP Brandon Malet
|
Batting: RHB Luis Montoya
|
0-0: Called Strike 0-1: Ball 1-1: Foul Ball, location: 2F 1-2: Strikes out swinging
|
Batting: LHB Burt Ward
|
0-0: Foul Ball, location: 2F 0-1: Foul Ball, location: 2F 0-2: Ball 1-2: Strikes out swinging
|
Batting: RHB Alonzo Herrera
|
0-0: Fly out, F9 (Flyball, 9M)
|
Top of the 8th over - 0 run(s), 0 hit(s), 0 error(s), 0 left on base; State College 2 - Kenosha 6 |
BOTTOM OF THE 8TH |
Kenosha Kingfish batting - Pitching for State College Spikes : RHP António Zapata
|
Batting: RHB Manuel Gómez
|
0-0: Swinging Strike 0-1: Foul Ball, location: 2F 0-2: Strikes out swinging
|
Batting: SHB Júlio Valentín
|
0-0: Ball 1-0: Ball 2-0: Ball 3-0: Base on Balls
|
Batting: RHB Francisco Martínez
|
0-0: Called Strike Júlio Valentín is caught stealing 2nd base 0-1: Called Strike 0-2: Ball 1-2: Strikes out swinging
|
Bottom of the 8th over - 0 run(s), 0 hit(s), 0 error(s), 0 left on base; State College 2 - Kenosha 6 |
TOP OF THE 9TH |
State College Spikes batting - Pitching for Kenosha Kingfish : RHP Brandon Malet
|
Pitching: RHP Aubrey Hudson
|
|
Batting: RHB Joaquín Vásquez
|
0-0: Called Strike 0-1: Foul Ball, location: 2F 0-2: Foul Ball, location: 2F 0-2: Foul Ball, location: 2F 0-2: Strikes out swinging
|
Batting: RHB Eric Knight
|
0-0: Called Strike 0-1: Swinging Strike 0-2: Ball 1-2: Foul Ball, location: 2F 1-2: Strikes out swinging
|
Batting: SHB Clint Woods
|
0-0: Ball 1-0: Called Strike 1-1: Ball 2-1: SINGLE (Groundball, 4MD)
|
Batting: RHB Blair Whitehead
|
0-0: Called Strike 0-1: Ball 1-1: Fly out, F4 (Line Drive, 4M)
|
Top of the 9th over - 0 run(s), 1 hit(s), 0 error(s), 1 left on base; State College 2 - Kenosha 6 |
|